 Dungeon Crawl Stone Soup version 0.22-a0-538-g76cc104 (webtiles) character file.

5526 Darkshadow the Basher (level 10, 0/91 HPs)
             Began as a Minotaur Berserker on June 23, 2018.
             Was a High Priest of Trog.
             Slain by an eight-headed hydra (6 damage)
             ... on level 12 of the Dungeon.
             The game lasted 00:24:26 (8364 turns).

Darkshadow the Basher (Minotaur Berserker)          Turns: 8364, Time: 00:24:27

Health: 0/91       AC: 15    Str: 23    XL:     10   Next: 43%
Magic:  9/9        EV: 10    Int:  4    God:    Trog [*****.]
Gold:   492        SH:  0    Dex: 12    Spells: 9/9 levels left

rFire    + + .     SeeInvis .   a - +0 mace
rCold    + . .     Gourm    .   (no shield)
rNeg     . . .     Faith    .   p - +0 plate armour
rPois    .         Spirit   .   (helmet restricted)
rElec    .         Reflect  .   G - scarf {rC+ rF+}
rCorr    .         Harm     .   H - +0 pair of gloves (curse)
MR       +++..                  (no boots)
Stlth    ..........             (no amulet)
HPRegen  1.25/turn              I - ring of protection from fire
MPRegen  0.11/turn              y - ring of protection from magic

@: berserk cooldown, regenerating, slowed, very slow
A: retaliatory headbutt, horns 2
a: Berserk, Trog's Hand, Brothers in Arms, Renounce Religion


You were on level 12 of the Dungeon.
You worshipped Trog.
Trog was extremely pleased with you.
You were hungry.

You visited 1 branch of the dungeon, and saw 10 of its levels.

You collected 492 gold pieces.

Inventory:

Hand Weapons
 a - a +0 mace (weapon)
Missiles
 d - 233 stones
 e - 5 needles of sleeping
 u - 7 tomahawks (quivered)
 w - 3 tomahawks of returning
 x - 2 steel tomahawks
Armour
 b - a +0 animal skin
 i - a +0 ring mail of poison resistance
 k - a +0 cloak
 p - a +0 plate armour (worn)
 G - a scarf of resistance (worn)
 H - a cursed +0 pair of gloves (worn)
Jewellery
 r - an uncursed ring of flight
 y - a ring of protection from magic (right hand)
 I - a ring of protection from fire (left hand)
Wands
 E - a wand of scattershot (8)
 F - a wand of disintegration (12)
 J - a wand of flame (15)
Scrolls
 g - 8 scrolls of identify {unknown}
 m - 5 scrolls of remove curse {unknown}
 o - 2 scrolls of immolation {unknown}
 q - a scroll of noise {unknown}
 s - a scroll of fog {unknown}
 v - 2 scrolls of enchant armour {unknown}
 z - a scroll of magic mapping {unknown}
 A - 3 scrolls of teleportation {unknown}
 B - a scroll of enchant weapon {unknown}
 D - a scroll of random uselessness {unknown}
 K - a scroll of blinking {unknown}
Potions
 f - 2 potions of might {unknown}
 h - a potion of berserk rage {unknown}
 j - 4 potions of brilliance {unknown}
 l - 8 potions of curing {unknown}
 n - a potion of invisibility {unknown}
 t - a potion of heal wounds {unknown}
 C - 3 potions of lignification {unknown}
 L - a potion of agility
Comestibles
 c - 14 rations
 M - 5 chunks of flesh


   Skills:
 + Level 9.6 Fighting
 * Level 11.1 Maces & Flails
 + Level 9.3 Armour
 + Level 8.4 Dodging


You had 9 spell levels left.
You didn't know any spells.
Your spell library was empty.

Dungeon Overview and Level Annotations

Branches:
Dungeon (9/15)             Temple (0/1) D:5            Lair (0/6) D:8
    Orc: D:9-12

Altars:
Cheibriados
Fedhas
Makhleb
Nemelex Xobeh
Qazlal
Ru
Sif Muna
Vehumet
Yredelemnul
Zin
The Shining One

Shops:
D:5 *   D:7 =


Innate Abilities, Weirdness & Mutations

You reflexively headbutt those who attack you in melee.
You have a pair of horns on your head.


Message History

* * * LOW HITPOINT WARNING * * *
Some of the chunks of flesh in your inventory have rotted away.
You thump the eight-headed hydra!
The eight-headed hydra is moderately wounded.
The eight-headed hydra bites you but does no damage.
The eight-headed hydra bites you!
* * * LOW HITPOINT WARNING * * *
The eight-headed hydra bites you.
* * * LOW HITPOINT WARNING * * *
The eight-headed hydra bites you but does no damage.
The eight-headed hydra closely misses you.
The eight-headed hydra bites you.
* * * LOW HITPOINT WARNING * * *
The eight-headed hydra bites you but does no damage. x2
Your skin crawls.
You feel resistant to hostile enchantments.
You feel somewhat more hungry. The eight-headed hydra bites you.
* * * LOW HITPOINT WARNING * * *
The eight-headed hydra bites you.
You die...

###+ ######
.....##....##
............+
.......D@...#
............#
...######...# ##
######...#
#..).....#
#...)...##
#...##..#
#######..##..#
..##....##..##..#


You could see an eight-headed hydra.

Vanquished Creatures
  2 two-headed ogres
  A hippogriff (D:7)
  5 porcupines (D:8)
  An orc warrior (D:12)
  2 black bears (D:5)
  3 ice beasts
  A sky beast (D:5)
  2 phantoms
  3 ogres
  4 centaurs
  A crocodile (D:8)
  4 bullfrogs (D:8)
  A water moccasin zombie (D:7)
  A wyvern zombie (D:8)
  3 scorpions
  A water moccasin skeleton (D:5)
  5 killer bees (D:8)
  2 howler monkeys (D:7)
  4 crimson imps
  A centaur zombie (D:12)
  6 hounds
  4 orc priests
  5 jellies
  8 orc wizards
  A bullfrog skeleton (D:4)
  2 centaur skeletons (D:8)
  4 iguanas
  A worker ant (D:6)
  2 hound skeletons
  5 gnolls
  4 adders
  A howler monkey skeleton (D:6)
  3 shadow imps (D:6)
  7 oozes
  A worm (D:4)
  A dart slug (D:4)
  2 leopard geckos
  19 orcs
  12 bats
  2 giant cockroaches
  4 goblins
  9 hobgoblins
  11 jackals
  8 kobolds
  7 quokkas
  2 ball pythons
  5 frilled lizards
  A jackal skeleton (D:8)
  A leopard gecko skeleton (D:4)
  A quokka skeleton (D:4)
  2 quokka zombies
  7 rats
  A fungus (D:8)
196 creatures vanquished.

Vanquished Creatures (others)
  5 fungi (D:8)
5 creatures vanquished.

Grand Total: 201 creatures vanquished

Notes
Turn   | Place    | Note
-------+----------+-------------------------------------------
     0 | D:1      | Darkshadow the Minotaur Berserker began the quest for the Orb.
     0 | D:1      | Reached XP level 1. HP: 19/19 MP: 0/0
   308 | D:1      | Reached XP level 2. HP: 25/27 MP: 1/1
   901 | D:1      | Reached skill level 4 in Maces & Flails
  1315 | D:2      | Reached XP level 3. HP: 26/33 MP: 2/2
  1649 | D:2      | Reached ** piety under Trog
  2013 | D:2      | Reached XP level 4. HP: 40/40 MP: 3/3
  2064 | D:2      | Found a blossoming altar of Fedhas.
  2583 | D:3      | Found a snail-covered altar of Cheibriados.
  2596 | D:3      | Reached XP level 5. HP: 47/47 MP: 4/4
  2853 | D:3      | Found a sacrificial altar of Ru.
  2854 | D:3      | Found a basalt altar of Yredelemnul.
  2864 | D:3      | Reached *** piety under Trog
  2864 | D:3      | Reached skill level 5 in Maces & Flails
  2866 | D:3      | Reached skill level 5 in Fighting
  3172 | D:4      | Reached XP level 6. HP: 50/56 MP: 5/5
  3756 | D:3      | Found a sacrificial altar of Ru.
  3858 | D:5      | Entered Level 5 of the Dungeon
  3901 | D:5      | Reached skill level 5 in Armour
  3901 | D:5      | Reached XP level 7. HP: 62/62 MP: 6/6
  3948 | D:5      | Found a staircase to the Ecumenical Temple.
  3986 | D:5      | Reached skill level 6 in Maces & Flails
  4037 | D:5      | Reached skill level 5 in Dodging
  4705 | D:5      | Reached XP level 8. HP: 57/71 MP: 7/7
  4759 | D:5      | Found Uschuureohacw's Assorted Antiques.
  4835 | D:5      | Reached skill level 7 in Maces & Flails
  5217 | D:5      | Found a radiant altar of Vehumet.
  5529 | D:6      | Reached **** piety under Trog
  5872 | D:6      | Found a burning altar of Makhleb.
  6061 | D:6      | Found a stormy altar of Qazlal.
  6197 | D:7      | Reached skill level 8 in Maces & Flails
  6267 | D:7      | Reached XP level 9. HP: 81/81 MP: 8/8
  6449 | D:7      | Found a sparkling altar of Nemelex Xobeh.
  6472 | D:7      | Found Lalugg's Jewellery Boutique.
  6487 | D:7      | Found a deep blue altar of Sif Muna.
  6903 | D:8      | Reached skill level 9 in Maces & Flails
  6915 | D:8      | Found a staircase to the Lair.
  7217 | D:8      | Reached skill level 10 in Maces & Flails
  7355 | D:8      | Noticed a two-headed ogre
  7364 | D:8      | Killed a two-headed ogre
  7364 | D:8      | Reached XP level 10. HP: 91/91 MP: 9/9
  7479 | D:8      | Found a glowing silver altar of Zin.
  7504 | D:8      | Found a glowing golden altar of the Shining One.
  7602 | D:8      | Reached ***** piety under Trog
  8114 | D:9      | You fall through a shaft for 3 floors!
  8324 | D:12     | Noticed a two-headed ogre
  8335 | D:12     | Killed a two-headed ogre
  8335 | D:12     | Reached skill level 11 in Maces & Flails
  8355 | D:12     | Noticed an eight-headed hydra
  8364 | D:12     | Slain by an eight-headed hydra

Vault maps used:
D:1:      giann_wishing_wells
D:2:      lemuel_crystal_altar, minmay_misc_feat_secret_circle,
          hangedman_feature_mirror, cheibrodos_gnoll_hut
D:3:      lemuel_upstairs_altar, cheibriados_altar_1,
          gammafunk_temple_overflow_pools, first_ration, minmay_unequal
D:5:      lemuel_coloured_pillars_altar, temple_pool_b, serial_shops,
          nicolae_shop_overgrown_old_shop
D:6:      nicolae_qazlal_general_emergency, makhleb_heckhound_becter,
          st_stairs_12, nrook_mini_backslash
D:7:      nicolae_overflow_crystal_walls, kennysheep_mini_moat, serial_shops,
          shop
D:8:      zin_scriptorium, due_lair_maze_entry_diamond, basic_altar,
          hangedman_little_slice_of_home, minmay_misc_feat_ornament
D:9:      minmay_item_behind_shaft
D:12:     serial_shops, shop, shop, minivault_28

Skill      XL: |  1  2  3  4  5  6  7  8  9 10 |
---------------+-------------------------------+-----
Fighting       | 4 5 6 7 9 |  9.6
Maces & Flails | 4 5 6 8 10 11 | 11.1
Armour         | 3 4 5 6 7 8 9 |  9.3
Dodging        | 3 4 5 6 8 |  8.4

Action                   |  1- 3 |  4- 6 |  7- 9 | 10-12 || total
-------------------------+-------+-------+-------+-------++-------
Melee: Mace              |   103 |   115 |   294 |    68 ||   580
       Headbutt          |    12 |    12 |    71 |    19 ||   114
Throw: Stone             |    12 |    40 |       |       ||    52
       Tomahawk          |       |    35 |    35 |     8 ||    78
Invok: Berserk           |       |     1 |     2 |     1 ||     4
       Trog's Hand       |       |       |       |     1 ||     1
Evoke: Wand              |       |       |     1 |       ||     1
  Eat: Chunk             |     3 |     7 |    12 |     5 ||    27
Armor: Animal skin       |    16 |       |       |       ||    16
       Plate armour      |    52 |    93 |   187 |    50 ||   382
       Ring mail         |     7 |       |       |       ||     7
Dodge: Dodged            |    65 |    47 |   122 |    44 ||   278

Table legend:
 A = Spawn XP
 B = Non-spawn XP
 C = Spawn XP percentage of total XP
 D = Spawn monster count
 E = Non-spawn monster count
 F = Spawn count percentage of total count
 G = Total turns spent on level
                    A         B        C        D         E        F      G
               +---------+---------+-------+---------+---------+-------+---------
         Total |       0 |    7895 |   0.0 |       0 |     195 |   0.0 |  8364
               +---------+---------+-------+---------+---------+-------+---------
           D:1 |       0 |      34 |   0.0 |       0 |      21 |   0.0 |  1224
           D:2 |       0 |      72 |   0.0 |       0 |      28 |   0.0 |  1152
           D:3 |       0 |     256 |   0.0 |       0 |      30 |   0.0 |   730
           D:4 |       0 |     318 |   0.0 |       0 |      16 |   0.0 |   752
           D:5 |       0 |    1314 |   0.0 |       0 |      22 |   0.0 |  1648
           D:6 |       0 |     626 |   0.0 |       0 |      15 |   0.0 |   663
           D:7 |       0 |     846 |   0.0 |       0 |      12 |   0.0 |   700
           D:8 |       0 |    3293 |   0.0 |       0 |      46 |   0.0 |  1125
          D:12 |       0 |    1136 |   0.0 |       0 |       5 |   0.0 |   250
               +---------+---------+-------+---------+---------+-------+---------
